 Dungeon Crawl Stone Soup version 0.21.1-1-g345015f (webtiles) character file.

342 inc the Shield-Bearer (level 6, -3/47 HPs)
             Began as a Formicid Fighter on June 9, 2018.
             Was a Priest of Uskayaw.
             Slain by Yarrr's ghost (10 damage)
             ... on level 4 of the Dungeon.
             The game lasted 00:04:03 (3012 turns).

inc the Shield-Bearer (Formicid Fighter)            Turns: 3012, Time: 00:04:04

Health: -3/47      AC:  8    Str: 22    XL:     6   Next: 88%
Magic:  6/6        EV:  8    Int:  8    God:    Uskayaw [***...]
Gold:   153        SH: 10    Dex: 10    Spells: 5/5 levels left

rFire    . . .     SeeInvis +   a - +0 war axe
rCold    . . .     Gourm    .   c - +0 shield
rNeg     . . .     Faith    .   b - +0 scale mail
rPois    .         Spirit   .   (helmet unavailable)
rElec    .         Reflect  .   (no cloak)
rCorr    .         Harm     .   o - +0 pair of gloves
MR       .....                  (no boots)
Stlth    ..........             (no amulet)
HPRegen  0.15/turn              (no ring)
MPRegen  0.10/turn              (no ring)

@: no status effects
A: permanent stasis, dig shafts and tunnels, four strong arms, antennae 3
a: Dig, Shaft Self, Stomp, Line Pass, Renounce Religion


You were on level 4 of the Dungeon.
You worshipped Uskayaw.
Uskayaw was noncommittal.
You were very hungry.

You visited 1 branch of the dungeon, and saw 4 of its levels.

You collected 153 gold pieces.

Inventory:

Hand Weapons
 a - a +0 war axe (weapon)
Armour
 b - a +0 scale mail (worn)
 c - a +0 shield (worn)
 o - a +0 pair of gloves (worn)
Wands
 p - a wand of flame (32)
Scrolls
 g - 2 scrolls of remove curse {unknown}
 i - 5 scrolls of identify {unknown}
 j - a scroll of noise {unknown}
 l - a scroll of blinking {unknown}
Potions
 d - 2 potions of might
 e - 2 potions of heal wounds {unknown}
 h - 2 potions of agility {unknown}
 k - a potion of invisibility {unknown}
 m - a potion of flight {unknown}
 n - a potion of lignification {unknown}
 q - a potion of mutation {unknown}
 r - a potion of haste {unknown}
 s - a potion of experience {unknown}
Comestibles
 f - 8 rations


   Skills:
 - Level 3.2 Fighting
 + Level 5.2 Axes
 - Level 3.2 Armour
 + Level 6.2 Shields


You had 5 spell levels left.
You didn't know any spells.

Dungeon Overview and Level Annotations

Branches:
Dungeon (4/15)
 Temple: D:4-7

Altars:
Elyvilon
Nemelex Xobeh
Uskayaw
Xom
Yredelemnul

Annotations:
D:4 2 transporters, Yarrr's ghost, novice MiFi


Innate Abilities, Weirdness & Mutations

You cannot be hasted, slowed, berserked, paralysed or teleported.
You can dig through walls and to a lower floor.
Your four strong arms can wield two-handed weapons with a shield.
You have a pair of large antennae on your head. (SInv)


Message History

You block the orc wizard's attack.
Unknown command.
You slash the orc wizard!
The orc wizard is heavily wounded.
You hit Yarrr's ghost but do no damage. Yarrr's ghost hits you!
* * * LOW HITPOINT WARNING * * *
You block Yarrr's ghost's attack.
Uskayaw will force your foes to helplessly watch your dance.
Uskayaw prepares the audience for your solo!
The helpless Yarrr's ghost fails to defend itself.
You hit Yarrr's ghost.
Yarrr's ghost is moderately damaged.
The helpless orc wizard fails to defend itself.
You hit the orc wizard.
The orc wizard is no longer paralysed.
The orc is no longer paralysed.
Yarrr's ghost is no longer paralysed.
The orc wizard hits you with a dagger.
* * * LOW HITPOINT WARNING * * *
Yarrr's ghost screams, "Very impressive.
But it won't help.
Nothing will."
Yarrr's ghost hits you!
You die...

.######## # ........#
## #.#########.#
.....#...........#
..........)@o...#
#.######.#oW##.#
#....#.........######
#....#.#...#......#
#....#.#......###.#
#. #....#.#<....o..
#.# ##'#.#.######.#<#
###.# #.#.#.. ..###
##.#.# #.#.### ...


You could see an orc wizard (invisible), Yarrr's ghost and an orc.

Vanquished Creatures
  An ogre (D:4)
  A howler monkey (D:4)
  A bullfrog skeleton (D:4)
  Jessica (D:3)
  An adder (D:4)
  A gnoll (D:1)
  3 river rats (D:3)
  2 oozes (D:2)
  3 worms
  5 dart slugs (D:1)
  6 leopard geckos
  2 orcs (D:4)
  4 ball pythons
  3 giant cockroaches
  7 goblins
  9 hobgoblins
  10 jackals
  7 bats
  2 frilled lizards (D:3)
  8 kobolds
  9 rats
86 creatures vanquished.

Notes
Turn   | Place    | Note
-------+----------+-------------------------------------------
     0 | D:1      | inc the Formicid Fighter began the quest for the Orb.
     0 | D:1      | Reached XP level 1. HP: 18/18 MP: 1/1
    93 | D:1      | Reached XP level 2. HP: 24/24 MP: 2/2
   209 | D:1      | Reached XP level 3. HP: 29/29 MP: 3/3
   391 | D:1      | Reached skill level 4 in Shields
   566 | D:1      | Reached XP level 4. HP: 18/35 MP: 4/4
  1362 | D:2      | Found a shimmering altar of Xom.
  1369 | D:2      | Found a shimmering altar of Xom.
  1370 | D:2      | Found a shimmering altar of Xom.
  1536 | D:3      | Reached XP level 5. HP: 35/41 MP: 5/5
  1823 | D:3      | Noticed Jessica
  1828 | D:3      | Killed Jessica
  1828 | D:3      | Reached skill level 5 in Shields
  1980 | D:3      | Noticed a dagger
  1980 | D:3      | Noticed a hand axe
  1983 | D:3      | Found a hide-covered altar of Uskayaw.
  1996 | D:3      | Became a worshipper of Uskayaw the Reveler
  2177 | D:3      | Reached * piety under Uskayaw
  2191 | D:3      | Reached ** piety under Uskayaw
  2445 | D:4      | Reached XP level 6. HP: 40/47 MP: 6/6
  2447 | D:4      | Found a white marble altar of Elyvilon.
  2447 | D:4      | Found a basalt altar of Yredelemnul.
  2447 | D:4      | Found a sparkling altar of Nemelex Xobeh.
  2448 | D:4      | Noticed a wraith
  2448 | D:4      | Found a transporter.
  2458 | D:4      | Found a transporter.
  2613 | D:4      | Noticed an ogre
  2631 | D:4      | Reached *** piety under Uskayaw
  2633 | D:4      | Reached **** piety under Uskayaw
  2638 | D:4      | Killed an ogre
  2638 | D:4      | Reached skill level 5 in Axes
  2638 | D:4      | Reached skill level 6 in Shields
  2995 | D:4      | Noticed Yarrr's ghost (novice MiFi)
  3012 | D:4      | Slain by Yarrr's ghost

Skill      XL: |  1  2  3  4  5  6 |
---------------+-------------------+-----
Axes           | 3 4 5 |  5.2
Shields        | 4 5 6 |  6.2
Fighting       | |  3.2
Armour         | |  3.2

Action                   |  1- 3 |  4- 6 || total
-------------------------+-------+-------++-------
Melee: War axe           |    57 |   203 ||   260
 Stab: Paralysed         |       |     4 ||     4
  Eat: Chunk             |       |     6 ||     6
Armor: Scale mail        |    16 |    72 ||    88
Dodge: Dodged            |    24 |    50 ||    74
Block: Shield            |    21 |   104 ||   125
